 Dungeon Crawl Stone Soup version 0.23-a0-644-gb60d84b635 (webtiles) character file.

514 Adamkad1 the Shield-Bearer (level 7, 0/63 HPs)
             Began as a Deep Dwarf Fighter on Jan 1, 2019.
             Slain by an orc wizard
             ... wielding a +0 long sword
              (2 damage)
             ... on level 4 of the Dungeon on Jan 2, 2019.
             The game lasted 00:10:38 (3031 turns).

Adamkad1 the Shield-Bearer (Deep Dwarf Fighter)     Turns: 3031, Time: 00:10:38

Health: 0/63       AC: 14    Str: 21    XL:     7   Next: 0%
Magic:  7/7        EV:  7    Int:  9    God:
Gold:   140        SH: 10    Dex: 12    Spells: 6/6 levels left

rFire    . . .     SeeInvis .   n - +1 short sword (vamp)
rCold    . . .     Gourm    .   c - +0 shield
rNeg     . . .     Faith    .   b - +1 scale mail
rPois    .         Spirit   .   h - +2 helmet
rElec    .         Reflect  .   l - +0 cloak
rCorr    .         Harm     .   p - +0 pair of gloves
MR       +....                  (no boots)
Stlth    ..........             (no amulet)
HPRegen  0.00/turn              (no ring)
MPRegen  0.10/turn              (no ring)

@: non-regenerating
A: damage resistance, heal wounds, sense surroundings 1, no regeneration
a: Heal Wounds


You were on level 4 of the Dungeon.
You were not hungry.

You visited 1 branch of the dungeon, and saw 4 of its levels.

You collected 140 gold pieces.

Inventory:

Hand Weapons
 a - a +1 flail
 n - a +1 vampiric short sword (weapon)
Armour
 b - a +1 scale mail (worn)
 c - a +0 shield (worn)
 h - a +2 helmet (worn)
 l - a +0 cloak (worn)
 p - a +0 pair of gloves (worn)
Jewellery
 j - an uncursed ring of fire
 t - an uncursed ring of see invisible {unknown}
Wands
 g - a wand of random effects (10)
Scrolls
 m - 4 scrolls of remove curse
 q - a scroll of teleportation
 s - 2 scrolls of magic mapping
Potions
 d - a potion of might
 e - a potion of flight {unknown}
 i - 2 potions of brilliance
 k - 4 potions of curing
 r - a potion of degeneration {unknown}
 u - a potion of resistance
 w - a potion of haste
Comestibles
 f - 6 rations
 o - 2 chunks of flesh


   Skills:
 + Level 3.8 Fighting
 + Level 0.1 Short Blades
 + Level 3.5 Maces & Flails
 * Level 5.5 Armour
 * Level 5.7 Shields


You had 6 spell levels left.
You didn't know any spells.
Your spell library was empty.

Dungeon Overview and Level Annotations

Branches:
Dungeon (4/15)
 Temple: D:4-7

Altars:
Ashenzari
Cheibriados
Gozag
Xom
The Shining One

Shops:
D:4 [

Annotations:
D:4 Duvessa


Innate Abilities, Weirdness & Mutations

You are resistant to damage.
You can heal yourself by infusing magical energy.
You passively map a small area around you.
You do not regenerate.


Message History

The hound barely misses you.
Your shield and scale mail prevent you from hitting the hound.
The hound is moderately wounded.
The hound bites you but does no damage. You block the orc wizard's attack.
You block the orc priest's attack.
A leopard gecko comes into view.
The hound bites you.
The leopard gecko hisses angrily.
You hit the orc priest but do no damage.
The hound barely misses you.
The orc priest invokes the aid of Beogh against you.
Beogh smites you!
* * * LOW HITPOINT WARNING * * *
The orc wizard hits you but does no damage.
You block the orc's attack.
Unknown command.
You fail to use your ability.
You block the hound's attack.
The orc priest hits you but does no damage.
The orc wizard hits you with a +0 long sword.
You die...

.............##.#........#.#
#......................#.#.#
*
............∩.....##....#.#
.................##.#..#.# ,
#......................#
#...l................#.# , ,
#......(.............#.#
.......oo..#.##.....#.#
#####.o@..####.....#.### , *
#..h..#**#...o.#>O.. ,
#.........##....o....# ,, ,
#.........##..)......# * *
#.........##.........#
#.........######.....#
#.........# #.....#
#.........# ####### *


You could see a hound, an orc priest, an orc wizard, an orc and a leopard gecko.

Vanquished Creatures
  A phantom (D:4)
  4 crimson imps (D:3)
  An orc priest (D:4)
  An orc wizard (D:3)
  A bullfrog skeleton (D:4)
  2 worker ants (D:4)
  7 adders
  An adder skeleton (D:4)
  A worm (D:3)
  A dart slug (D:1)
  2 leopard geckos (D:2)
  4 orcs
  A giant cockroach (D:3)
  8 goblins
  11 hobgoblins
  11 jackals
  7 kobolds
  5 quokkas (D:2)
  A ball python (D:2)
  6 bats
  13 frilled lizards
  10 rats
99 creatures vanquished.

Notes
Turn   | Place    | Note
-------+----------+-------------------------------------------
     0 | D:1      | Adamkad1 the Deep Dwarf Fighter began the quest for the
                  | Orb.
     0 | D:1      | Reached XP level 1. HP: 20/20 MP: 1/1
   138 | D:1      | Reached XP level 2. HP: 20/27 MP: 2/2
   545 | D:1      | Reached XP level 3. HP: 24/34 MP: 3/3
   987 | D:2      | Reached XP level 4. HP: 17/42 MP: 4/4
  1334 | D:3      | Found an opulent altar of Gozag.
  1712 | D:3      | Found a snail-covered altar of Cheibriados.
  1757 | D:3      | Reached XP level 5. HP: 44/49 MP: 5/5
  1827 | D:3      | Found a shimmering altar of Xom.
  1944 | D:3      | Found a shattered altar of Ashenzari.
  1944 | D:3      | Found a glowing golden altar of the Shining One.
  2467 | D:4      | Noticed Duvessa
  2486 | D:3      | Reached skill level 5 in Shields
  2497 | D:3      | Reached XP level 6. HP: 52/56 MP: 6/6
  2518 | D:3      | Reached skill level 5 in Armour
  2739 | D:4      | Found Udoadil's Armour Shop.
  2934 | D:4      | Reached XP level 7. HP: 18/63 MP: 7/7
  3030 | D:4      | HP: 2/63 [orc priest/divine providence (13)]
  3031 | D:4      | Slain by an orc wizard

Vault maps used:
D:1:      sevenhm_arrival_forest_fort_small_3, grunt_decor_one_mirror
D:2:      first_ration, minmay_heptomino_o4
D:3:      lemuel_doored_altar, gammafunk_temple_overflow_wave, led_xom_imps,
          nicolae_gozag_seed_capital, minmay_vboxes
D:4:      old_standard_altar, serial_shops, shop, kennysheep_pointless_box,
          grunt_decor_resistance, uniq_duvessa

Skill      XL: |  1  2  3  4  5  6 |
---------------+-------------------+-----
Fighting       | 3 |  3.8
Shields        | 4 5 |  5.7
Armour         | 4 5 |  5.5
Maces & Flails | 3 |  3.5
Short Blades   | |  0.1

Action                   |  1- 3 |  4- 6 |  7- 9 || total
-------------------------+-------+-------+-------++-------
Melee: Mace              |    68 |       |       ||    68
       Flail             |   106 |   169 |       ||   275
       Short sword       |       |   360 |    13 ||   373
 Abil: Heal Wounds       |       |     1 |       ||     1
  Use: Scroll            |     8 |     2 |     1 ||    11
       Potion            |       |     2 |     1 ||     3
  Eat: Chunk             |     1 |     3 |       ||     4
       Ration            |       |     4 |       ||     4
Armor: Scale mail        |    62 |   290 |    14 ||   366
Dodge: Dodged            |    62 |   139 |     7 ||   208
Block: Shield            |    84 |   249 |    12 ||   345

Table legend:
 A = Non-vault XP
 B = Vault XP
 C = Vault XP percentage of total XP
 D = Non-vault monster count
 E = Vault monster count
 F = Vault count percentage of total count
                 A         B        C        D         E       F
            +---------+---------+-------+---------+---------+-------
      Total |     510 |     225 |  30.6 |      84 |      15 |  15.2
            +---------+---------+-------+---------+---------+-------
        D:1 |      43 |       0 |   0.0 |      27 |       0 |   0.0
        D:2 |      83 |       6 |   6.7 |      29 |       4 |  12.1
        D:3 |     101 |     219 |  68.4 |      20 |      11 |  35.5
        D:4 |     283 |       0 |   0.0 |       8 |       0 |   0.0
            +---------+---------+-------+---------+---------+-------
